 Dungeon Crawl Stone Soup version 0.30-a0-965-g42e074c17a (webtiles) character file.

Game seed: 769492956484108013

5488 hikkokomori the Spear-Bearer (level 10, -1/78 (80) HPs)
             Began as a Merfolk Gladiator on Mar 31, 2023.
             Was a Priest of Okawaru.
             Slain by Harold
             ... wielding a +0 morningstar of venom
              (12 damage)
             ... on level 8 of the Dungeon.
             The game lasted 00:20:07 (9588 turns).

hikkokomori the Spear-Bearer (Merfolk Gladiator)    Turns: 9588, Time: 00:20:08

HP:   -1/78 (80)    AC:  9    Str: 18    XL:     10   Next: 69%
MP:   12/12         EV: 13    Int:  7    God:    Okawaru [***...]
Gold: 432           SH:  0    Dex: 19    Spells: 7/9 levels left

rFire   . . .      SeeInvis .    a - +1 trident
rCold   + . .      Faith    .    D - orb of the Catfish {light, Dex+2}
rNeg    . . .      Spirit   .    o - +0 ring mail
rPois   .          Reflect  .    c - +0 helmet
rElec   .          Rampage  .    (no cloak)
rCorr   .                        M - +0 pair of gloves
Will    +....                    m - +0 pair of boots
Stlth   +                        (no amulet)
HPRegen 0.33/turn                F - ring of protection from cold
MPRegen 0.13/turn                G - ring of willpower

@: lethally poisoned (-1 -> -7), about to teleport, glowing, lightly drained
A: (nimble swimmer 2), mertail
a: Renounce Religion, Heroism


You were on level 8 of the Dungeon.
You worshipped Okawaru.
Okawaru was most pleased with you.
You visited 2 branches of the dungeon, and saw 10 of its levels.

You collected 432 gold pieces.

Inventory:

Hand Weapons
 a - a +1 trident (weapon)
 y - a +0 scythe
Missiles
 e - 7 javelins (quivered)
 z - a curare-tipped dart
Armour
 b - a +0 leather armour
 c - a +0 helmet (worn)
 h - a +0 tower shield
 m - a +0 pair of boots (worn)
 o - a +0 ring mail (worn)
 r - a +0 plate armour
 A - a +1 robe of fire resistance
 D - the orb of the Catfish (worn) {light, Dex+2}
   (You found it on level 4 of the Dungeon)

   Dex:       It affects your dexterity (+2).
 M - a +0 pair of gloves (worn)
Jewellery
 i - a ring of fire
 F - a ring of protection from cold (left hand)
 G - a ring of willpower (right hand)
Scrolls
 g - 2 scrolls of enchant armour {unknown}
 k - 3 scrolls of noise
 n - 3 scrolls of teleportation
 s - 3 scrolls of enchant weapon
 u - a scroll of immolation
 v - 3 scrolls of magic mapping {unknown}
 w - a scroll of poison
 H - a scroll of amnesia {unknown}
 J - a scroll of vulnerability {unknown}
 K - 2 scrolls of fear {unknown}
 L - 2 scrolls of identify
Potions
 d - 3 potions of flight {unknown}
 f - 2 potions of resistance {unknown}
 l - 2 potions of haste
 p - 2 potions of magic {unknown}
 q - 5 potions of lignification
 t - a potion of brilliance {unknown}
 C - 3 potions of might {unknown}
 E - 3 potions of degeneration {unknown}
 I - a potion of berserk rage {unknown}


   Skills:
 + Level 8.1 Fighting
 + Level 10.2 Polearms
 + Level 4.2 Throwing
 + Level 5.2 Armour
 - Level 4.0 Dodging
 + Level 7.0 Shields
 - Level 4.0 Transmutations
 - Level 3.9 Invocations


You had 7 spell levels left.
You knew the following spells:

 Your Spells              Type           Power      Damage    Failure   Level
a - Wereblood             Tmut           5%         N/A       22%         2

Your spell library contained the following spells:

 Spells                   Type           Power      Damage    Failure   Level
 Passwall                 Tmut/Erth      1%         N/A       45%         2
 Apportation              Tloc           0%         N/A       61%         1
 Necrotise                Necr           0%         1d4       61%         1
 Sandblast                Erth           0%         2d4       61%         1
 Static Discharge         Conj/Air       0%         2-2/arc   75%         2
 Sublimation of Blood     Necr           0%         N/A       75%         2
 Stone Arrow              Conj/Erth      0%         3d7       93%         3
 Vhi's Electric Charge    Tloc/Air       0%         N/A       93%         3
 Manifold Assault         Tloc           0%         N/A       100%        4
 Arcjolt                  Conj/Air       0%         1d10      100%        5
 Plasma Beam              Fire/Air       0%         2x1d7     100%        5
 Dispersal                Tloc           0%         N/A       100%        6
 Disjunction              Tloc           0%         N/A       100%        8
 Summon Small Mammal      Summ           Unusable   N/A       N/A         1
 Summon Hydra             Summ           Unusable   N/A       N/A         7

Dungeon Overview and Level Annotations

Branches:
Dungeon (9/15)             Temple (1/1) D:5            Lair (0/5) D:8
    Orc: D:9-12

Altars:
Ashenzari
Cheibriados
Fedhas
Hepliaklqana
Kikubaaqudgha
Makhleb
Nemelex Xobeh
Okawaru
Qazlal
Sif Muna
Uskayaw
Xom
Yredelemnul
Zin

Shops:
D:2 :(

Annotations:
D:8 Harold


Innate Abilities, Weirdness & Mutations

((You are very nimble when in or above water. (Stealth+, EV+, Speed+++)))
Your lower body shifts to a powerful aquatic tail in water.


Message History

You start resting.
HP restored.
There is a stone staircase leading down here.
You climb downwards.
Level annotation: Harold The wight hits you with a +0 great sword!
Harold throws a throwing net.
The throwing net hits you.
You become entangled in the net!
The wight completely misses you.
There is a stone staircase leading up, spattered with blood here.
You see here a throwing net.
You struggle against the net.
The wight hits you but does no damage. Harold fires a harpoon shot at you.
The harpoon shot hits you!
You are yanked forward by the harpoon shot.
The wight misses you.
Unknown command.
Unknown command.
Harold attacks as you move away! Harold barely misses you.
The wight hits you but does no damage. The wight closely misses you.
There is a stone staircase leading up, spattered with blood here.
You see here a throwing net.
Unknown command.
The wight hits you but does no damage.
Harold hits you with a +0 morningstar of venom!!
You are poisoned.
The wight closely misses you.
You climb upwards.
You feel very sick.
There is a stone staircase leading down here.
Unknown command.
As you read the scroll of teleportation, it crumbles to dust.
You feel strangely unstable.
You feel sick. The wight hits you with a +0 scimitar!
* * * LOW HITPOINT WARNING * * *
You feel drained.
* * * LOW HITPOINT WARNING * * *
The wight hits you with a +0 great sword!
* * * LOW HITPOINT WARNING * * *
Harold hits you with a +0 morningstar of venom!
You die...

.........# ######.#
.#######.### #....#.#
.# #...## #.##...# .#
###..# #.##...# .##
##.# #[###..# ..## #.##
#.# #..#
#.)########..###.###..#
##.##..........z@.....#
#.)##.#######...@##.###
..###.##########.z#.#
.## #...........#.#.#
.##############.#...#
............# #.#####
.##########.# #.# ##
#.# #<# #.# #.# #.#
#.#######


You could see Harold and 2 wights.

Vanquished Creatures
  Pikel (D:6)
  A komodo dragon (D:8)
  Prince Ribbit (D:7)
  Sigmund (D:2)
  8 yaks
  2 wyverns (D:8)
  Menkaure (D:6)
  4 orc warriors
  A black bear (D:4)
  An ogre (D:5)
  3 centaurs
  A kobold brigand (D:8)
  3 bullfrogs
  3 scorpions
  7 wights
  4 killer bees (D:8)
  7 hounds
  4 orc priests
  3 jellies
  7 iguanas
  A sleepcap (D:5)
  Jessica (D:2)
  6 orc wizards
  Robin (D:4)
  12 adders
  A gnoll (D:8)
  A white imp (D:5)
  An ufetubus (D:5)
  5 dart slugs
  4 worms
  25 orcs
  5 bats
  8 endoplasms
  7 giant cockroaches
  12 goblins
  9 hobgoblins
  5 jackals (D:3)
  7 quokkas
  5 ball pythons
  5 frilled lizards
  15 kobolds
  5 rats
204 creatures vanquished.

Vanquished Creatures (others)
  An orc wizard (D:8)
  8 plants (D:8)
9 creatures vanquished.

Grand Total: 213 creatures vanquished

Notes
Turn   | Place    | Note
-------+----------+-------------------------------------------
     0 | D:1      | hikkokomori the Merfolk Gladiator began the quest for the
                  | Orb.
     0 | D:1      | Reached XP level 1. HP: 16/16 MP: 1/1
    96 | D:1      | Reached XP level 2. HP: 20/23 MP: 2/2
   527 | D:1      | Reached skill level 1 in Shields
   722 | D:1      | Reached XP level 3. HP: 28/28 MP: 3/3
  1021 | D:2      | Reached skill level 1 in Armour
  1102 | D:2      | Reached XP level 4. HP: 34/34 MP: 4/4
  1118 | D:2      | Noticed Jessica
  1123 | D:2      | Killed Jessica
  1250 | D:2      | Found Cuxkips's Weapon Emporium.
  1320 | D:2      | Noticed Sigmund
  1335 | D:2      | Killed Sigmund
  1336 | D:2      | Reached skill level 5 in Polearms
  1336 | D:2      | Reached XP level 5. HP: 33/42 MP: 5/5
  1336 | D:2      | Reached XP level 6. HP: 38/48 MP: 6/6
  1508 | D:2      | Found Zeuqet's Book Boutique.
  1909 | D:3      | Learned a level 2 spell: Wereblood
  2101 | D:3      | Found an iron altar of Okawaru.
  2142 | D:3      | Became a worshipper of Warmaster Okawaru
  2671 | D:4      | Reached skill level 6 in Polearms
  2671 | D:4      | Reached skill level 1 in Transmutations
  2671 | D:4      | Reached XP level 7. HP: 36/54 MP: 7/7
  2756 | D:4      | Identified the orb of the Catfish {light, Dex+2}
  3267 | D:4      | Noticed Robin
  3280 | D:4      | Killed Robin
  3559 | D:5      | Entered Level 5 of the Dungeon
  3770 | D:5      | Found a staircase to the Ecumenical Temple.
  3778 | Temple   | Entered the Ecumenical Temple
  4071 | D:5      | Reached * piety under Okawaru
  4072 | D:5      | Reached skill level 5 in Fighting
  4072 | D:5      | Reached XP level 8. HP: 13/62 MP: 8/8
  4491 | D:6      | Found a shimmering blue altar of Sif Muna.
  4517 | D:6      | Noticed Menkaure
  4524 | D:6      | Killed Menkaure
  4525 | D:6      | Reached skill level 7 in Polearms
  4817 | D:6      | Noticed a yak
  4817 | D:6      | Noticed a yak
  4855 | D:6      | Killed a yak
  4855 | D:6      | Reached ** piety under Okawaru
  4916 | D:6      | Noticed a yak
  4948 | D:6      | Killed a yak
  5256 | D:6      | Noticed a yak
  5280 | D:6      | Killed a yak
  5281 | D:6      | Reached skill level 1 in Invocations
  5281 | D:6      | Reached XP level 9. HP: 63/69 MP: 7/9
  5291 | D:6      | Reached skill level 8 in Polearms
  5291 | D:6      | Reached skill level 5 in Shields
  5675 | D:6      | Reached *** piety under Okawaru
  5761 | D:7      | Found a snail-covered altar of Cheibriados.
  6050 | D:7      | Noticed Pikel
  6096 | D:6      | Killed Pikel
  6097 | D:6      | Reached skill level 9 in Polearms
  6318 | D:7      | Noticed Prince Ribbit
  6338 | D:7      | Killed Prince Ribbit
  6338 | D:7      | Received a gift from Okawaru
  6522 | D:7      | Reached XP level 10. HP: 64/79 MP: 10/12
  6888 | D:8      | Found a shimmering altar of Xom.
  7130 | D:8      | Found a staircase to the Lair.
  7461 | D:8      | HP: 4/80 [orc priest/divine providence (13)]
  7800 | D:8      | Reached skill level 5 in Armour
  7800 | D:8      | HP: 4/80 [orc/+0 whip (5)]
  8342 | D:8      | Reached skill level 10 in Polearms
  8945 | D:8      | Found a sparkling altar of Nemelex Xobeh.
  9043 | D:9      | Noticed Harold
  9333 | D:9      | HP: 2/80 [Harold/+0 morningstar of venom (25)]
  9588 | D:8      | Slain by Harold

Illustrated notes

Levels and vault maps discovered:
D:1:      dpeg_arrival_rooms_a, layout_loops_cross
D:2:      layout_basic, serial_shops, nicolae_shop_bloodbath_and_beyond, shop,
          uniq_sigmund, uniq_jessica
D:3:      layout_loops_ring, okawaru_altar_gauntlet_db
D:4:      minmay_octagon_keep, layout_basic, uniq_robin
D:5:      layout_cave_pools, minmay_temple_entry_junction
D:6:      layout_loops_cross, nicolae_sif_muna_condensation, uniq_menkaure
D:7:      layout_cave_pools, cheibriados_altar_1, uniq_prince_ribbit1,
          uniq_pikel
D:8:      minmay_recursive_quarters, layout_basic, mainiacjoe_overflow_paths,
          nemelex_diamond_rough_becter, david_lair_shrubbed
D:9:      wad_woods_minihive, layout_layer_cave,
          nicolae_overflow_hallway_of_the_gods, serial_shops, shop,
          hellmonk_guarded_unrand_frostbite, uniq_harold
Temple:   hellmonk_temple_rainy

Skill      XL: |  1  2  3  4  5  6  7  8  9 10 |
---------------+-------------------------------+-----
Shields        | 1 2 3 4 6 7 |  7.0
Armour         | 1 2 3 4 5 |  5.2
Fighting       | 3 4 5 6 7 8 |  8.1
Polearms       | 5 6 7 9 10 | 10.2
Transmutations | 1 3 4 |  4.0
Invocations    | 1 3 |  3.9
Throwing       | 4 |  4.2
Dodging        | |  4.0

Action                     |  1- 3 |  4- 6 |  7- 9 | 10-12 || total
---------------------------+-------+-------+-------+-------++-------
  Melee: Trident           |   112 |   195 |   453 |   296 ||  1056
  Throw: Throwing net      |       |     3 |     2 |     2 ||     7
         Dart              |       |       |       |     6 ||     6
         Javelin           |       |       |       |     1 ||     1
 Invoke: Heroism           |       |       |     2 |     6 ||     8
    Use: Scroll            |       |     2 |     4 |     3 ||     9
         Potion            |       |       |       |     7 ||     7
   Stab: Sleeping          |     2 |       |       |       ||     2
         Held in net/web   |       |     2 |       |     2 ||     4
 Armour: Leather armour    |    23 |       |       |       ||    23
         Ring mail         |     7 |       |       |     6 ||    13
         Plate armour      |       |    88 |   222 |   120 ||   430
  Dodge: Dodged            |    27 |    11 |    29 |    66 ||   133
  Block: Tower shield      |    60 |   121 |   335 |   244 ||   760

Table legend: (Time is in decaauts)
 A = Elapsed time spent in this place.
 B = Non-inter-level travel time spent in this place.
 C = Inter-level travel time spent in this place.
 D = Time resting spent in this place.
 E = Time spent auto-exploring this place.
 F = Levels seen in this place.
 G = Mean time per level.
                   A        B        C        D        E       F      G
               +--------+--------+--------+--------+--------+-----+--------+
         Total |   9853 |   9623 |    230 |   1936 |   5302 |  10 |  985.3 |
       Dungeon |   9839 |   9609 |    230 |   1936 |   5302 |   9 | 1093.2 |
        Temple |     13 |     13 |      0 |      0 |      0 |   1 |   13.0 |
               +--------+--------+--------+--------+--------+-----+--------+

Top non-repeatable levels by time:
     D:8: 2649 daAuts
     D:6: 1475 daAuts
     D:4: 992 daAuts
     D:2: 975 daAuts
     D:5: 927 daAuts
     D:7: 907 daAuts
     D:3: 886 daAuts
     D:1: 876 daAuts
     D:9: 148 daAuts
  Temple: 13 daAuts
